Match 27478616
Unlisted

Match 27478616
End
Selects Heavy Armor Battlegroup
Royal Engineer Section
Vickers Machine Gun Team
Construct Section Command Post
Construct Section Command Post
Infantry Section
Infantry Section
Grenade Package
ML 3-inch Mortar Team
Selects Engineer Detachments
Construct Field Infirmary
Construct Platoon Command Post
Unlock M3 Stuart Light Tanks
6-pounder Anti-tank Gun Team
M3 Stuart Light Tank
Construct Company Command Post
Foot Guards Section
Selects Crusader AA Medium Tank
Foot Guards Section
Infantry Training
Selects UNKNOWN (2162094)
Churchill IV Heavy Tank
Team Weapon Training
Light Vehicle Training
Armored Vehicle Training
ProjectGemini07
Guardians_folly
JR1
Insurmountable Odds
^3Little^1Kal
151wanming
海皇号
盟主呀
0
0

Comments sign in to comment!

No comments posted yet!